[Event "Titled Tuesday Blitz November 16 2021"]
[White "Demchenko, Anton"]
[Black "Trent, Lawrence"]
[WhiteFideId "4160258"]
[BlackFideId "408638"]
[WhiteElo "2583"]
[BlackElo "2474"]
[Result "1-0"]
[Round "02"]
[TimeControl "180+1"]
[Date "2021.11.16"]
[WhiteClock "0:02:08"]
[BlackClock "0:01:31"]

1. e4 b6 2. d4 Bb7 3. Bd3 e6 4. Nf3 Nf6 5. Qe2 d5 6. e5 Ne4 7. Nbd2 Nxd2 8. Qxd2 c5 9. c3 cxd4 10. cxd4 Ba6 11. Bxa6 Nxa6 12. O-O Rc8 13. a3 Be7 14. Qf4 h6 15. Qg4 O-O 16. Bxh6 g6 17. Bxf8 Bxf8 18. Rac1 b5 19. Qf4 Rc4 20. h4 Qc8 21. b3 Rc7 22. Ng5 Bh6 23. Qxf7+ 1-0


[Site "https://www.chess.com"]

[Event "Titled Tuesday Blitz November 16 2021"]
[White "Drygalov, Sergey"]
[Black "Punin, Andrii"]
[WhiteFideId "24171743"]
[BlackFideId "14112639"]
[WhiteElo "2514"]
[BlackElo "2357"]
[Result "1/2-1/2"]
[Round "02"]
[TimeControl "180+1"]
[Date "2021.11.16"]
[WhiteClock "0:00:17"]
[BlackClock "0:00:16"]

1. e4 c6 2. d4 d5 3. e5 Bf5 4. Nf3 e6 5. Be2 c5 6. c4 dxc4 7. O-O Nc6 8. Be3 cxd4 9. Nxd4 Nxd4 10. Bxd4 Ne7 11. Bxc4 Nc6 12. Bb5 Be7 13. Nc3 O-O 14. Bxc6 bxc6 15. Be3 Bd3 16. Re1 c5 17. Qf3 c4 18. Rad1 Qa5 19. Bd2 Bb4 20. a3 Bxc3 21. Bxc3 Qb6 22. h4 Rad8 23. h5 h6 24. Qf4 Rd5 25. Re3 Qb7 26. Rg3 Kh8 27. Re1 Rg8 28. Ree3 Rd7 29. Bb4 Qd5 30. Rg4 Bf5 31. Rh4 Qd1+ 32. Kh2 Qf1 33. Re1 Qd3 34. Qxc4 Qxc4 35. Rxc4 Bd3 36. Rc3 Rgd8 37. f3 a6 38. Ba5 Rb8 39. Rd1 Bb5 40. Rxd7 Bxd7 41. Rc7 Be8 42. Bb4 Kg8 43. Bc3 Bb5 44. g4 Rd8 45. Kg3 Re8 46. Kf4 Rd8 47. Bb4 Re8 48. Bd6 Rd8 49. g5 hxg5+ 50. Kxg5 Be2 51. f4 Bd3 52. h6 gxh6+ 53. Kxh6 Re8 54. Kg5 Kg7 55. Be7 Rg8 56. Bf6+ Kh7+ 57. Kh5 Be2+ 58. Kh4 Kg6 59. f5+ Kxf5 60. Rxf7 Ke4 61. Kh3 Rg1 62. b4 Bf3 63. Rg7 Rxg7 64. Bxg7 Be2 65. Kg3 Kd5 66. Kf4 Kc4 67. Bf8 Kb3 68. Ke3 Bb5 69. Kd4 Kxa3 70. Kc5 Ka4 71. Kb6 Bc4 72. Bd6 Bb5 73. Kc7 Bc4 74. Kd7 Kb5 75. Ke7 Bd5 76. Kd7 Bc4 77. Kc7 Bd5 78. Kd8 Bc4 79. Ke7 Bd5 80. Kf6 Bc4 81. Kg5 Bd5 82. Kf4 Bc4 83. Ke3 Bd5 84. Kd4 Bc4 85. Kc3 Bd5 86. Bc5 Bc4 87. Bd6 Bd5 88. Bc7 Bc4 89. Ba5 Bd5 90. Kd3 Bc4+ 91. Kd4 Bd5 92. Ke3 Bc4 93. Kf4 Bd5 94. Kg5 Bc4 95. Kf6 Bd5 96. Ke7 Bc4 1/2-1/2


[Site "https://www.chess.com"]

[Event "Titled Tuesday Blitz November 16 2021"]
[White "Espinosa Veloz, Ermes"]
[Black "Triapishko, Alexandr"]
[WhiteFideId "3507424"]
[BlackFideId "14122286"]
[WhiteElo "2333"]
[BlackElo "2479"]
[Result "0-1"]
[Round "02"]
[TimeControl "180+1"]
[Date "2021.11.16"]
[WhiteClock "0:00:23"]
[BlackClock "0:00:06"]

1. e4 c5 2. Nf3 Nc6 3. Bb5 g6 4. O-O Bg7 5. Re1 e5 6. b4 Nxb4 7. Bb2 a6 8. Bc4 b5 9. Bf1 Nc6 10. a4 b4 11. Bc4 Nge7 12. Ng5 O-O 13. Qf3 Qe8 14. Qg3 d6 15. d3 h6 16. Nf3 Be6 17. Nbd2 Kh8 18. c3 a5 19. Nf1 Bxc4 20. dxc4 f5 21. exf5 gxf5 22. cxb4 axb4 23. Rad1 Rd8 24. Nh4 f4 25. Qg4 Na5 26. Nd2 Qd7 27. Qe2 Qe6 28. Rc1 Bf6 29. Nhf3 Rg8 30. Ne4 Bg7 31. Red1 Nf5 32. Kh1 Qg6 33. g3 Nd4 34. Bxd4 exd4 35. Nh4 Qf7 36. Qf3 Rde8 37. Re1 Nxc4 38. Rxc4 Qxc4 39. Ng6+ Kh7 40. Qh5 Rxe4 41. Rxe4 Qf1# 0-1


[Site "https://www.chess.com"]

[Event "Titled Tuesday Blitz November 16 2021"]
[White "Goltseva, Ekaterina"]
[Black "Svane, Frederik"]
[WhiteFideId "24173770"]
[BlackFideId "12923044"]
[WhiteElo "2163"]
[BlackElo "2459"]
[Result "0-1"]
[Round "02"]
[TimeControl "180+1"]
[Date "2021.11.16"]
[WhiteClock "0:00:01"]
[BlackClock "0:00:05"]

1. d4 Nf6 2. c4 e6 3. Nc3 Bb4 4. Bd2 O-O 5. Nf3 d5 6. e3 b6 7. cxd5 exd5 8. Rc1 Re8 9. Ne5 a6 10. Bd3 Bd6 11. f4 c5 12. O-O Bb7 13. Be1 Nc6 14. Bh4 cxd4 15. Bxf6 Qxf6 16. Nxd5 Qe6 17. Nxb6 Nxe5 18. fxe5 Qxe5 19. Rf4 Qxe3+ 20. Rf2 Bxh2+ 21. Kxh2 Qxf2 22. Qg4 Rad8 23. Rf1 Qe3 24. Qf5 Qh6+ 25. Kg1 Qg6 26. Qxg6 hxg6 27. Bc4 Re7 28. Rd1 a5 29. Na4 Kf8 30. Nc5 Ba8 31. Nd3 Be4 32. Rd2 Bxd3 33. Bxd3 Re3 34. Kf2 f5 35. Bc4 Ke7 36. b3 Kf6 37. a4 Ke5 38. Rd1 Rb8 39. Rh1 Rbxb3 40. Bxb3 Rxb3 41. Re1+ Kf6 42. Re8 Rb4 43. Rf8+ Kg5 44. Rg8 Rxa4 45. Rxg7 Ra1 46. Kf3 a4 47. Rd7 a3 48. Rxd4 a2 49. Kg3 Rf1 50. Rb4 a1=Q 51. Kh2 Qe5+ 0-1


[Site "https://www.chess.com"]

[Event "Titled Tuesday Blitz November 16 2021"]
[White "Gurevich, Dmitry"]
[Black "Tsydypov, Zhamsaran"]
[WhiteFideId "2000407"]
[BlackFideId "4108566"]
[WhiteElo "2506"]
[BlackElo "2614"]
[Result "1-0"]
[Round "02"]
[TimeControl "180+1"]
[Date "2021.11.16"]
[WhiteClock "0:00:26"]
[BlackClock "0:00:36"]

1. d4 Nf6 2. c4 e6 3. Nf3 Bb4+ 4. Bd2 Be7 5. g3 O-O 6. Bg2 d5 7. Qc2 c5 8. dxc5 Bxc5 9. cxd5 Qb6 10. O-O exd5 11. Nc3 Be7 12. Bg5 Be6 13. Rad1 Nc6 14. Be3 Qa6 15. Nd4 Rfc8 16. Nxe6 fxe6 17. Bh3 Ne5 18. Qb3 Nc4 19. Bg5 Rc6 20. e4 Rb6 21. Qa4 Nxb2 22. Qxa6 bxa6 23. Rb1 Kf7 24. exd5 Nxd5 25. Nxd5 exd5 26. Bxe7 Kxe7 27. Rfc1 Nc4 28. Re1+ Kd6 29. Rbd1 Ne5 30. Rxd5+ Kxd5 31. Bg2+ Kd4 32. Bxa8 Rb2 33. Re4+ Kc3 34. Rxe5 Rxa2 35. Re7 g5 36. Rxh7 a5 37. Rxa7 a4 38. Bf3 a3 39. Kg2 Kd4 40. h4 gxh4 41. gxh4 Ke5 42. h5 1-0


[Site "https://www.chess.com"]

[Event "Titled Tuesday Blitz November 16 2021"]
[White "Gurvich, Vitaly"]
[Black "Zhigalko, Sergei"]
[WhiteFideId "24164852"]
[BlackFideId "13502956"]
[WhiteElo "2275"]
[BlackElo "2662"]
[Result "0-1"]
[Round "02"]
[TimeControl "180+1"]
[Date "2021.11.16"]
[WhiteClock "0:02:06"]
[BlackClock "0:01:44"]

1. e4 c5 2. Nf3 Nc6 3. d4 cxd4 4. Nxd4 Nf6 5. Nc3 e5 6. Ndb5 d6 7. Bg5 a6 8. Na3 b5 9. Nd5 Be7 10. Bxf6 Bxf6 11. c3 Bg5 12. g3 O-O 13. h4 Bh6 14. Nc2 Ne7 15. Ncb4 a5 16. Nxe7+ Qxe7 17. Nd5 Qb7 18. Bg2 Be6 19. O-O Rab8 20. Qd3 Bxd5 21. exd5 f5 22. a4 b4 23. c4 Qb6 24. Kh1 e4 25. Qe2 Rbe8 26. b3 f4 27. Bxe4 Qd4 28. Rae1 fxg3 29. fxg3 Rxf1+ 30. Qxf1 Rxe4 31. Rd1 Qe5 0-1


[Site "https://www.chess.com"]

[Event "Titled Tuesday Blitz November 16 2021"]
[White "Holt, Conrad"]
[Black "Seul, Georg"]
[WhiteFideId "2034387"]
[BlackFideId "4601653"]
[WhiteElo "2586"]
[BlackElo "2271"]
[Result "1-0"]
[Round "02"]
[TimeControl "180+1"]
[Date "2021.11.16"]
[WhiteClock "0:00:15"]
[BlackClock "0:00:42"]

1. d4 Nf6 2. c4 e6 3. Nc3 Bb4 4. Qc2 d6 5. Nf3 Nbd7 6. g3 O-O 7. Bg2 e5 8. O-O Bxc3 9. Qxc3 e4 10. Ng5 Re8 11. Qc2 Qe7 12. f3 exf3 13. exf3 h6 14. Nh3 c5 15. d5 b5 16. cxb5 Nb6 17. Bd2 Bb7 18. a4 Nbxd5 19. Rfe1 Qc7 20. Nf2 Rad8 21. a5 Qd7 22. Qc4 Nc7 23. b6 Rxe1+ 24. Rxe1 axb6 25. axb6 Ncd5 26. Qb3 Re8 27. Ne4 Nxe4 28. Rxe4 Rxe4 29. fxe4 Nf6 30. e5 Bxg2 31. Kxg2 Qb7+ 32. Qf3 Qxf3+ 33. Kxf3 dxe5 34. b7 Nd7 35. Ke4 Kf8 36. Kd5 Ke7 37. Kc6 f5 38. Be3 g5 39. Bxc5+ Ke6 40. Bd6 f4 41. b8=Q Nxb8+ 42. Bxb8 e4 43. gxf4 e3 44. f5+ Kxf5 45. Bg3 h5 46. b4 h4 47. Be1 Ke4 48. b5 Kd3 49. b6 Ke2 50. Ba5 g4 51. b7 g3 52. hxg3 h3 53. b8=Q 1-0


[Site "https://www.chess.com"]

[Event "Titled Tuesday Blitz November 16 2021"]
[White "Issani, Nameer"]
[Black "Ahmadzada, Ahmad"]
[WhiteFideId "2619130"]
[BlackFideId "13413007"]
[WhiteElo "2560"]
[BlackElo "2226"]
[Result "0-1"]
[Round "02"]
[TimeControl "180+1"]
[Date "2021.11.16"]
[WhiteClock "0:00:53"]
[BlackClock "0:01:17"]

1. d4 Nf6 2. c4 e6 3. Nc3 Nc6 4. Nf3 Bb4 5. Qc2 O-O 6. e4 d6 7. Bd3 e5 8. d5 Ne7 9. O-O a5 10. Ne2 Bc5 11. Ng3 Ng6 12. Be3 b6 13. Qd2 Ng4 14. Kh1 Nh4 15. Bxc5 bxc5 16. Nxh4 Qxh4 17. h3 Nh6 18. Rae1 Bxh3 19. Qxh6 Qxh6 20. gxh3 Qxh3+ 21. Kg1 g6 22. Re3 Qh6 23. Kg2 Rfb8 24. Re2 Qg7 25. f4 exf4 26. Rxf4 Rxb2 0-1


[Site "https://www.chess.com"]

[Event "Titled Tuesday Blitz November 16 2021"]
[White "Karttunen, Mika"]
[Black "Drygalov, Andrey"]
[WhiteFideId "502081"]
[BlackFideId "24171735"]
[WhiteElo "2343"]
[BlackElo "2540"]
[Result "0-1"]
[Round "02"]
[TimeControl "180+1"]
[Date "2021.11.16"]
[WhiteClock "0:00:21"]
[BlackClock "0:00:07"]

1. d4 Nf6 2. c3 d5 3. Nf3 e6 4. Bf4 Bd6 5. Bg3 O-O 6. e3 c5 7. Nbd2 Qc7 8. Bd3 Nbd7 9. O-O e5 10. dxe5 Nxe5 11. Nxe5 Bxe5 12. Nf3 Bxg3 13. hxg3 h6 14. Be2 Be6 15. Qa4 Ne4 16. Rfd1 a6 17. Nd2 Nf6 18. Qf4 Qe7 19. Bf3 b5 20. a4 Rac8 21. axb5 axb5 22. Ra5 g5 23. Qe5 Nd7 24. Ra7 Nxe5 25. Rxe7 Nd3 26. Rb1 c4 27. Be2 Nc5 28. Ra1 Ra8 29. Rea7 Rxa7 30. Rxa7 Na4 31. Rb7 Nxb2 32. Rxb5 Na4 33. Nb1 Rc8 34. g4 Nc5 35. f3 Bd7 36. Rb4 Ra8 37. Kf2 Ra2 38. Kf1 Ba4 39. e4 dxe4 40. Bxc4 Ra1 41. Kf2 Nd3+ 42. Bxd3 exd3 43. Nd2 Bc2 44. Re4 Rd1 45. Ke3 Kf8 46. c4 Ra1 47. Kd4 Ra8 48. c5 Rd8+ 49. Kc4 Rc8 50. Re5 f6 51. Re1 Kf7 52. Kd5 Rd8+ 53. Kc6 Rc8+ 54. Kb6 Ba4 55. Rc1 Rc6+ 56. Ka5 Bc2 57. Kb5 Rc8 58. Re1 Rb8+ 59. Kc4 Rc8 60. Kd5 Ba4 61. Ra1 Bc6+ 62. Kd6 Bb5 63. Rb1 Bc6 64. Rb6 Ba4 65. Rb7+ Kg6 66. Rc7 Rd8+ 67. Ke7 Re8+ 68. Kd6 Re2 69. Ne4 d2 70. Nxd2 Rxd2+ 71. Ke7 Re2+ 72. Kd6 Rxg2 73. Ra7 Rd2+ 74. Ke7 Bc6 75. Rc7 Bxf3 76. c6 Rc2 77. Kf8 h5 78. Rg7+ Kh6 79. gxh5 Rxc6 80. Rg8 Kxh5 0-1


[Site "https://www.chess.com"]

[Event "Titled Tuesday Blitz November 16 2021"]
[White "Kislov, Oleg"]
[Black "Paravyan, David"]
[WhiteFideId "13503774"]
[BlackFideId "4194985"]
[WhiteElo "2252"]
[BlackElo "2639"]
[Result "0-1"]
[Round "02"]
[TimeControl "180+1"]
[Date "2021.11.16"]
[WhiteClock "0:00:02"]
[BlackClock "0:00:16"]

1. e4 c5 2. Nf3 d6 3. c3 Nf6 4. Be2 g6 5. O-O Bg7 6. Bb5+ Bd7 7. Bxd7+ Qxd7 8. Re1 O-O 9. d4 Na6 10. e5 dxe5 11. dxe5 Qxd1 12. Rxd1 Rad8 13. Re1 Nd5 14. Na3 Nac7 15. Nc4 Ne6 16. a4 b6 17. g3 h6 18. h4 Rd7 19. Kg2 Rfd8 20. Bd2 Ndc7 21. Bc1 f5 22. exf6 exf6 23. h5 g5 24. Ne3 Bf8 25. Nf5 Rd5 26. g4 Kh7 27. Be3 Ng7 28. Nxg7 Bxg7 29. a5 b5 30. c4 bxc4 31. Rac1 f5 32. gxf5 Rxf5 33. Rxc4 Nd5 34. Bxc5 Nf4+ 35. Kf1 Nd3 36. Be7 Nxe1 37. Bxd8 Nxf3 38. Rc7 a6 39. Rc6 Bxb2 40. Rxa6 Bd4 41. Rd6 Kg7 42. a6 Bc5 43. a7 Bxa7 44. Rd7+ Rf7 45. Rd3 Ne5 46. Rd2 Ng4 47. Ba5 Rxf2+ 48. Rxf2 Nxf2 49. Kg2 Kh7 50. Bd2 Nd3 51. Bc3 Nf4+ 52. Kf3 Nxh5 53. Kg4 Kg6 54. Bd2 Nf6+ 55. Kg3 Kf5 56. Bc3 Bb8+ 57. Kf3 Be5 58. Bd2 g4+ 59. Kg2 h5 60. Be1 Nd5 61. Bd2 Bf4 62. Be1 Kg5 63. Ba5 h4 64. Bd8+ Kh5 65. Kf2 h3 66. Kg1 Kg6 67. Kf2 Kf5 68. Ba5 Ke4 69. Be1 Ne3 70. Ba5 Nf5 71. Bb6 g3+ 72. Kg1 Kf3 73. Bf2 gxf2+ 74. Kf1 Ng3# 0-1


[Site "https://www.chess.com"]

[Event "Titled Tuesday Blitz November 16 2021"]
[White "Liyanage, Ranindu Dilshan"]
[Black "Martinez Alcantara, Jose Eduardo"]
[WhiteFideId "9915834"]
[BlackFideId "3805662"]
[WhiteElo "1839"]
[BlackElo "2690"]
[Result "1-0"]
[Round "02"]
[TimeControl "180+1"]
[Date "2021.11.16"]
[WhiteClock "0:00:13"]
[BlackClock "0:00:05"]

1. e4 c5 2. Nf3 d6 3. d4 cxd4 4. Nxd4 Nf6 5. Nc3 a6 6. h3 e5 7. Nb3 Be7 8. g4 h6 9. Be3 Nbd7 10. a4 Nf8 11. a5 Be6 12. Nd5 Nxd5 13. exd5 Bd7 14. Qd2 Ng6 15. Qb4 Qc8 16. Bd3 O-O 17. O-O-O Nh4 18. Kb1 f5 19. gxf5 Bxf5 20. Rhg1 Bxd3 21. Rxd3 Nf5 22. Rc3 Qd7 23. Qg4 Rf6 24. Nd2 Bf8 25. Ne4 Rf7 26. Bxh6 Rc8 27. Rxc8 Qxc8 28. Bd2 Qd8 29. Ng5 Rf6 30. Ne6 Qe8 31. Bg5 Rf7 32. Nd8 Nh6 33. Qe6 Qxe6 34. dxe6 Rxf2 35. Bxh6 Kh7 36. Bg5 e4 37. Bh4 Rf3 38. e7 Bxe7 39. Bxe7 e3 40. Re1 Rxh3 41. Bg5 Kg6 42. Bxe3 Kf5 43. Bd2 Rh2 44. Kc1 g5 45. Nf7 g4 46. Nxd6+ Kg6 47. Rg1 Kh5 48. Ne4 Kh4 49. Be1+ Kh5 50. Nf6+ Kg5 51. Nxg4 1-0


[Site "https://www.chess.com"]

[Event "Titled Tuesday Blitz November 16 2021"]
[White "Makarian, Rudik"]
[Black "Gegenfurtner, Juergen"]
[WhiteFideId "44105681"]
[BlackFideId "24632147"]
[WhiteElo "2486"]
[BlackElo "2398"]
[Result "0-1"]
[Round "02"]
[TimeControl "180+1"]
[Date "2021.11.16"]
[WhiteClock "0:00:03"]
[BlackClock "0:00:42"]

1. d4 d5 2. c4 e6 3. Nf3 Nf6 4. Nc3 Nbd7 5. cxd5 exd5 6. Bf4 c6 7. h3 Be7 8. e3 O-O 9. Bd3 Re8 10. O-O Nf8 11. Bh2 Bd6 12. Ne5 Qe7 13. Qc2 N6d7 14. f4 f6 15. Ng4 h5 16. Nf2 Qxe3 17. Qd1 h4 18. Qh5 Nb6 19. Kh1 Bd7 20. Qxh4 Qxd4 21. Rad1 Qe3 22. Bb1 Nc4 23. Rd3 Qe7 24. b3 Na3 25. Rf3 Nxb1 26. Nxb1 Bf5 27. Nd2 Bb4 28. g4 Bc2 29. Nb1 Qe2 30. Kg2 Be4 31. Qg3 Ng6 32. f5 Nh4+ 0-1


[Site "https://www.chess.com"]

[Event "Titled Tuesday Blitz November 16 2021"]
[White "Nakamura, Hikaru"]
[Black "Petrovskyi, Vadym"]
[WhiteFideId "2016192"]
[BlackFideId "14165210"]
[WhiteElo "2884"]
[BlackElo "2377"]
[Result "1/2-1/2"]
[Round "02"]
[TimeControl "180+1"]
[Date "2021.11.16"]
[WhiteClock "0:00:14"]
[BlackClock "0:01:21"]

1. Nf3 Nf6 2. b3 g6 3. Bb2 Bg7 4. d4 O-O 5. e3 d6 6. Be2 Nbd7 7. O-O e5 8. dxe5 Ng4 9. c4 dxe5 10. Nc3 c6 11. Qc2 Qe7 12. a4 a5 13. Ba3 Nc5 14. Ne4 b6 15. h3 Nf6 16. Nxc5 bxc5 17. Rad1 Bf5 18. Qc1 Rab8 19. Nd2 Rfd8 20. Qc3 Ra8 21. g4 Bc8 22. Nf3 Rxd1 23. Rxd1 Ne4 24. Qd3 f5 25. Qd8+ Kf7 26. gxf5 gxf5 27. Qxe7+ Kxe7 28. Nh4 1/2-1/2


[Site "https://www.chess.com"]

[Event "Titled Tuesday Blitz November 16 2021"]
[White "Oliveira, Silvio Eduardo"]
[Black "Nagy, Gabor"]
[WhiteFideId "2111560"]
[BlackFideId "737119"]
[WhiteElo "2302"]
[BlackElo "2534"]
[Result "0-1"]
[Round "02"]
[TimeControl "180+1"]
[Date "2021.11.16"]
[WhiteClock "0:00:02"]
[BlackClock "0:00:11"]

1. e4 e5 2. Nf3 Nc6 3. Bb5 a6 4. Ba4 f5 5. d4 exd4 6. e5 b5 7. Bb3 Bb7 8. c3 Na5 9. Bc2 g6 10. O-O d3 11. Bxd3 Bg7 12. a4 Ne7 13. Na3 bxa4 14. Qxa4 Bxf3 15. Qxa5 Bd5 16. Bg5 Be6 17. Nb5 Bxe5 18. Rfe1 Bd6 19. Nxd6+ cxd6 20. Qb4 h6 21. Bf4 d5 22. Rxa6 Rxa6 23. Bxa6 Kf7 24. Bd6 Nc6 25. Qc5 Re8 26. Bb5 Qa8 27. h4 Nd8 28. Qe3 Kg7 29. Be5+ Kh7 30. Qg3 Nf7 31. Bd4 Qb8 32. Qd3 Nd6 33. Ba4 Qxb2 34. h5 g5 35. Bc5 Ne4 36. Bd4 Rc8 37. f3 Nxc3 38. Bc2 Qb4 39. Qe3 Nb5 40. Ba1 d4 41. Qe5 Qf8 0-1


[Site "https://www.chess.com"]

[Event "Titled Tuesday Blitz November 16 2021"]
[White "Pakhomov, Egor"]
[Black "Zubov, Alexander"]
[WhiteFideId "24129542"]
[BlackFideId "14109409"]
[WhiteElo "2435"]
[BlackElo "2685"]
[Result "1/2-1/2"]
[Round "02"]
[TimeControl "180+1"]
[Date "2021.11.16"]
[WhiteClock "0:00:20"]
[BlackClock "0:00:09"]

1. d4 d5 2. Nf3 Nf6 3. c4 e6 4. Nc3 Be7 5. g3 dxc4 6. Ne5 c5 7. dxc5 Qc7 8. Nxc4 Qc6 9. e4 O-O 10. Bg2 Qxc5 11. Qe2 Nc6 12. Be3 Nd4 13. Bxd4 Qxd4 14. Rd1 Qc5 15. e5 Nd7 16. O-O Rb8 17. Ne4 Qb5 18. b3 Nb6 19. Ned6 Bxd6 20. Rxd6 Nxc4 21. bxc4 Qc5 22. h4 b6 23. h5 h6 24. Rc6 Qe7 25. Rd1 Bb7 26. Rcd6 Bxg2 27. Kxg2 Rb7 28. R1d4 Rc7 29. f4 Qe8 30. Qd3 Qa8+ 31. Kh2 Qb7 32. Rd8 Rc8 33. Rxf8+ Rxf8 34. Rd8 Qc7 35. Rxf8+ Kxf8 36. Qh7 Qxc4 37. Qh8+ Ke7 38. Qxg7 Qe2+ 39. Kg1 Qxh5 40. Qf6+ Kd7 41. Kf2 Qg6 42. Qh8 Qc2+ 43. Kg1 Qb1+ 44. Kg2 Qxa2+ 45. Kh3 Qe2 46. Qf8 Qh5+ 47. Kg2 Qe2+ 48. Kh3 Qh5+ 49. Kg2 Kc6 50. Qd6+ Kb5 51. Qd3+ Kc5 52. Qc3+ Kd5 53. Qd3+ Kc6 54. Qd6+ Kb5 55. Qd3+ Kb4 56. Qd4+ Kb3 57. Qd3+ Kb2 58. Qd2+ Kb1 59. Qd3+ Kc1 60. Qc3+ Kd1 61. Qd3+ Ke1 62. Qc3+ Ke2 63. Qc2+ Ke1 64. Qc3+ Kd1 65. Qd3+ Kc1 66. Qc3+ Kb1 67. Qb3+ Kc1 68. Qc3+ 1/2-1/2


[Site "https://www.chess.com"]

[Event "Titled Tuesday Blitz November 16 2021"]
[White "Perez Gormaz, Matias"]
[Black "Tahbaz, Arash"]
[WhiteFideId "3406342"]
[BlackFideId "12528846"]
[WhiteElo "2352"]
[BlackElo "2377"]
[Result "0-1"]
[Round "02"]
[TimeControl "180+1"]
[Date "2021.11.16"]
[WhiteClock "0:00:01"]
[BlackClock "0:00:27"]

1. e4 c5 2. Nf3 g6 3. g3 Bg7 4. Bg2 Nc6 5. O-O d6 6. c3 e5 7. a3 a5 8. a4 Nge7 9. d3 O-O 10. Na3 h6 11. Nb5 Be6 12. Nd2 d5 13. exd5 Bxd5 14. Nc4 Bxg2 15. Kxg2 Qd5+ 16. Qf3 Qxf3+ 17. Kxf3 Rad8 18. Rd1 f5 19. Be3 f4 20. gxf4 Nd5 21. Bxc5 Rxf4+ 22. Kg2 Rh4 23. Be3 e4 24. d4 Rf8 25. Nbd6 Nce7 26. Re1 Nf5 27. Bd2 Rg4+ 28. Kh1 Nxd6 29. Nxd6 Rxf2 30. Nxe4 Rxe4 31. Rxe4 Rxd2 32. Rb1 g5 33. Re8+ Kh7 34. Rb8 b6 35. Rd8 Ne3 36. Rd6 Ng4 37. Rxb6 Nxh2 38. Kg1 Nf3+ 39. Kf1 g4 40. Rb7 g3 0-1


[Site "https://www.chess.com"]

[Event "Titled Tuesday Blitz November 16 2021"]
[White "Petesch, Gabriel"]
[Black "Le, Tuan Minh"]
[WhiteFideId "2032465"]
[BlackFideId "12401153"]
[WhiteElo "2374"]
[BlackElo "2450"]
[Result "0-1"]
[Round "02"]
[TimeControl "180+1"]
[Date "2021.11.16"]
[WhiteClock "0:00:01"]
[BlackClock "0:00:23"]

1. Nf3 d5 2. g3 Nd7 3. Bg2 e5 4. O-O Ngf6 5. d4 e4 6. Ne5 Bd6 7. c4 c6 8. Bf4 Qe7 9. Nxd7 Bxd7 10. Bxd6 Qxd6 11. Nc3 O-O 12. Qb3 dxc4 13. Qxc4 Rfe8 14. Rfd1 Be6 15. Qc5 Qxc5 16. dxc5 Bf5 17. Rd4 Re5 18. Rad1 Kf8 19. b4 a5 20. Rd8+ Rxd8 21. Rxd8+ Ke7 22. Rb8 axb4 23. Rxb7+ Kd8 24. Na4 Rd5 25. h3 Rd1+ 26. Kh2 Rd2 27. Rxf7 Rxa2 28. Nb6 b3 29. Nc4 Be6 30. Rxg7 Bxc4 31. Rb7 Rxe2 32. Kg1 b2 33. Bf1 Rxf2 34. Bxc4 Rc2 35. Ba2 Nd5 36. Kf1 Nc3 37. Be6 b1=Q+ 0-1


[Site "https://www.chess.com"]

[Event "Titled Tuesday Blitz November 16 2021"]
[White "Potapova, Margarita"]
[Black "Kaasen, Tor Fredrik"]
[WhiteFideId "14126869"]
[BlackFideId "1516647"]
[WhiteElo "2247"]
[BlackElo "2335"]
[Result "1/2-1/2"]
[Round "02"]
[TimeControl "180+1"]
[Date "2021.11.16"]
[WhiteClock "0:00:06"]
[BlackClock "0:00:10"]

1. d4 d5 2. c4 c6 3. Nf3 Nf6 4. g3 Bf5 5. Nc3 e6 6. Nh4 Bg6 7. Nxg6 hxg6 8. Qd3 Nbd7 9. Bg2 Be7 10. O-O O-O 11. Rd1 Rc8 12. e3 Qa5 13. Bd2 Qa6 14. b3 c5 15. Nb5 cxd4 16. exd4 dxc4 17. bxc4 Nb6 18. c5 Nbd5 19. a4 b6 20. cxb6 axb6 21. h4 Bb4 22. Bxb4 Nxb4 23. Qd2 Nbd5 24. Bf1 Qa5 25. Qxa5 bxa5 26. Rac1 Nb6 27. Nd6 Rxc1 28. Rxc1 Rd8 29. Nb5 Nfd5 30. Bg2 Nxa4 31. Ra1 Ndc3 32. Nxc3 Nxc3 33. Rxa5 Ne2+ 34. Kf1 Nxd4 35. Ra7 Nb5 36. Rb7 Rd1+ 37. Ke2 Nc3+ 38. Ke3 Rd8 39. Bf1 Kf8 40. Be2 Nd5+ 41. Kf3 Rc8 42. Kg2 Rc2 43. Bf3 Ne3+ 44. Kg1 Nf5 45. Rd7 Ke8 46. Rd1 Rc4 47. h5 Nd4 48. Be4 gxh5 49. Bg2 Ke7 50. Re1 f5 51. Re3 Kf6 52. Kh2 g5 53. Ra3 Rc2 54. Kg1 Ne2+ 55. Kh2 Nc3 56. Kg1 Nd1 57. Rf3 g4 58. Rd3 Nxf2 59. Rd8 h4 60. gxh4 f4 61. h5 f3 62. Bf1 Ne4 63. Rg8 Ng3 64. h6 Rc1 65. h7 Rxf1+ 66. Kh2 Rh1+ 67. Kxg3 Rxh7 68. Rxg4 Kf5 69. Rf4+ Ke5 70. Rxf3 Rb7 71. Kf2 Kd5 72. Ke1 e5 73. Rh3 Kd4 74. Rg3 Rb1+ 75. Ke2 Rb2+ 76. Ke1 Rh2 77. Ra3 Rb2 78. Rh3 Rc2 79. Rg3 Rc3 80. Rxc3 Kxc3 81. Ke2 Kd4 82. Kd2 Ke4 83. Ke2 Kf4 84. Kf2 Ke4 85. Ke2 Kd4 86. Kd2 e4 87. Ke2 e3 88. Ke1 Kd3 89. Kd1 e2+ 90. Ke1 Ke3 1/2-1/2


[Site "https://www.chess.com"]

[Event "Titled Tuesday Blitz November 16 2021"]
[White "Sarana, Alexey"]
[Black "Kalashian, David"]
[WhiteFideId "24133795"]
[BlackFideId "13302418"]
[WhiteElo "2689"]
[BlackElo "2490"]
[Result "1-0"]
[Round "02"]
[TimeControl "180+1"]
[Date "2021.11.16"]
[WhiteClock "0:01:23"]
[BlackClock "0:00:08"]

1. d4 Nf6 2. c4 g6 3. Nc3 Bg7 4. e4 d6 5. Be2 O-O 6. Be3 e5 7. d5 Ne8 8. g4 f5 9. gxf5 gxf5 10. exf5 Bxf5 11. Nf3 Nd7 12. Rg1 Kh8 13. Qd2 a6 14. Ng5 Qe7 15. Bd3 b5 16. Bxf5 Rxf5 17. Qc2 e4 18. Ncxe4 bxc4 19. O-O-O Ne5 20. Nc5 Nd3+ 21. Nxd3 cxd3 22. Rxd3 Rb8 23. Rb3 Rxb3 24. Qxf5 Bxb2+ 25. Kc2 Rb4 26. Nf7+ 1-0


[Site "https://www.chess.com"]

[Event "Titled Tuesday Blitz November 16 2021"]
[White "Sjugirov, Sanan"]
[Black "Stoyanov, Tsvetan"]
[WhiteFideId "4189302"]
[BlackFideId "2917173"]
[WhiteElo "2653"]
[BlackElo "2191"]
[Result "1-0"]
[Round "02"]
[TimeControl "180+1"]
[Date "2021.11.16"]
[WhiteClock "0:00:09"]
[BlackClock "0:00:04"]

1. e4 c5 2. Nf3 d6 3. Bb5+ Nd7 4. d4 cxd4 5. O-O e5 6. c3 dxc3 7. Nxc3 a6 8. Bc4 h6 9. a4 Ngf6 10. Qb3 Qe7 11. Be3 g6 12. h3 Bg7 13. Rfd1 O-O 14. Qa3 Nc5 15. Bxc5 dxc5 16. a5 g5 17. Nd5 Nxd5 18. Bxd5 g4 19. hxg4 Bxg4 20. Rdc1 Rac8 21. Rc3 h5 22. Rac1 Bh6 23. R1c2 Qf6 24. Nh2 Bd1 25. Rg3+ Kh8 26. Rcc3 h4 27. Ng4 Qf4 28. Nxh6 hxg3 29. Rxg3 Qxh6 30. Rh3 Bh5 31. Qg3 Rce8 32. Qh4 Qc1+ 33. Kh2 Qf4+ 34. Qxf4 exf4 35. Rxh5+ Kg7 36. Rg5+ Kh6 37. Rf5 f6 38. Kh3 Re7 39. Kg4 Rg7+ 40. Kf3 Rc8 41. Rxf6+ Rg6 42. Rf7 b6 43. axb6 Rxb6 44. b3 a5 45. Rxf4 Rb4 46. Rh4+ Kg5 47. Rg4+ Kf6 48. Rf4+ Ke5 49. Rf5+ Kd4 50. Be6 Rd8 51. g4 a4 52. bxa4 c4 53. Rf7 c3 54. Rc7 Kd3 55. Bf5 Kd2 56. e5 Re8 57. e6 Rxa4 58. e7 Rd4 59. Bg6 Rxe7 60. Rxe7 1-0


[Site "https://www.chess.com"]